 Dungeon Crawl Stone Soup version 0.19-a0-1311-gdcfd90a (webtiles) character file.

495 Promi the Charlatan (level 6, -5/54 HPs)
             Began as a Deep Dwarf Artificer on Aug 31, 2016.
             Shot with an arrow by a centaur (7 damage)
             ... on level 5 of the Dungeon.
             The game lasted 00:30:42 (4048 turns).

Promi the Charlatan (Deep Dwarf Artificer)          Turns: 4048, Time: 00:30:43

Health: -5/54      AC: 11    Str: 18    XL:     6   Next: 92%
Magic:  8/8        EV: 11    Int: 11    God:
Gold:   276        SH:  0    Dex: 13    Spells: 0 memorised, 5 levels left

rFire  . . .     SeeInvis .     j - -3 falchion (curse)
rCold  . . .     Gourm    .     i - +1 scale mail
rNeg   . . .     Faith    .     (no shield)
rPois  .         Spirit   .     (no helmet)
rElec  .         Dismiss  .     (no cloak)
rCorr  .         Reflect  .     m - +2 pair of gloves
MR     .....     Harm     .     (no boots)
Stlth  +.........               (no amulet)
                                (no ring)
                                (no ring)

@: non-regenerating
A: damage resistance, recharge devices, sense surroundings 1, slow regeneration
3
a: Device Recharging


You were on level 5 of the Dungeon.
You were very hungry.

You visited 1 branch of the dungeon, and saw 5 of its levels.
You also visited: Sewer.

You collected 276 gold pieces.

Inventory:

Hand Weapons
 a - a +0 short sword
 j - a cursed -3 falchion (weapon)
 q - a +2 war axe of draining
Armour
 i - a +1 scale mail (worn)
 m - a +2 pair of gloves (worn)
Wands
 c - a wand of flame (0/48)
 d - a wand of enslavement (0/24)
 e - a wand of random effects (0/48)
 f - a wand of heal wounds (4/9)
Scrolls
 h - 5 scrolls of identify
 k - 2 scrolls of teleportation
Potions
 n - 2 potions of flight
 p - a potion of brilliance
Comestibles
 g - 2 bread rations
 l - 2 meat rations
 r - 2 fruits


   Skills:
 + Level 2.3 Fighting
 - Level 1.6(2.0) Short Blades
 + Level 1.9(2.2) Long Blades
 * Level 4.0 Armour
 + Level 3.6 Dodging
 + Level 3.2 Stealth
 + Level 5.7 Evocations


You had 5 spell levels left.
You didn't know any spells.

Dungeon Overview and Level Annotations

Branches:
Dungeon (5/15)
 Temple: D:4-7

Altars:
Trog
Uskayaw
Xom
Yredelemnul
Zin


Innate Abilities, Weirdness & Mutations

You are resistant to damage.
You can recharge devices by infusing magical energy.
You passively map a small area around you.
You do not regenerate.


Message History

The centaur shouts!
The centaur wields a shortbow.
The centaur shoots an arrow.
The arrow hits you but does no damage.
You see here an arrow.
The centaur shoots an arrow.
The arrow hits you.
The centaur shoots an arrow.
The arrow hits you but does no damage.
You see here 2 arrows.
The howler monkey hoots and howls with incredible vigour!
The crimson imp blinks!
The centaur shoots an arrow.
The arrow barely misses you.
You see here an arrow.
The worker ant bites you but does no damage.
You are feeling very hungry.
The centaur unwields an uncursed shortbow.
The centaur hits you.
* * * LOW HITPOINT WARNING * * *
The centaur hits you but does no damage.
The centaur wields an uncursed shortbow.
The centaur shoots an arrow.
The arrow hits you!
You die...

...)..... , , , ,
........., , #..# ..
......... #..# #.,,
#'######### ,,#... . .
#.........# #..#.# .. ,
* ........).#
,#..#.##.. ..........#
#...... ,, ..$.......#
+..#.# , ..........#
#.@..# , ..........#
#..#......
..........+,, #ca#
....# , ..........#
#.o# .... .....c....#,
#(.# ,..., #....(....#,
,#h.# !. ,
....Z..(..#,, +(.#
###.# ...c.######
#..#....( *
...........,,,#........


You could see a centaur, a howler monkey, a worker ant and an orc.

Vanquished Creatures
  An ogre (D:4)
  A giant frog (D:3)
  A giant frog skeleton (D:4)
  An orc wizard (D:4)
  4 worker ants
  A howler monkey skeleton (D:4)
  4 gnolls
  A river rat (D:3)
  4 adders
  4 oozes
  2 worms (Sewer)
  2 dart slugs
  5 giant geckos
  9 orcs
  7 ball pythons
  5 giant cockroaches
  9 goblins
  6 hobgoblins
  7 jackals
  13 bats
  5 giant newts
  9 kobolds
  12 rats
113 creatures vanquished.

Vanquished Creatures (collateral kills)
  2 worms (Sewer)
  A giant cockroach (D:4)
  A bat (Sewer)
  A giant newt (D:4)
5 creatures vanquished.

Vanquished Creatures (others)
  An orc (D:4)
1 creature vanquished.

Grand Total: 119 creatures vanquished

Notes
Turn   | Place    | Note
-------+----------+-------------------------------------------
     0 | D:1      | Promi the Deep Dwarf Artificer began the quest for the Orb.
     0 | D:1      | Reached XP level 1. HP: 16/16 MP: 3/3
   340 | D:1      | Reached XP level 2. HP: 19/24 MP: 5/5
   451 | D:1      | Reached skill level 1 in Short Blades
   513 | D:1      | Reached skill level 1 in Fighting
   918 | D:1      | Reached XP level 3. HP: 22/31 MP: 6/6
   967 | D:1      | Reached skill level 1 in Armour
  1062 | D:2      | Reached XP level 4. HP: 14/38 MP: 7/7
  1575 | D:2      | Found a hide-covered altar of Uskayaw.
  1577 | D:2      | Noticed a hand axe
  1577 | D:2      | Noticed a dagger
  1578 | D:2      | Found a basalt altar of Yredelemnul.
  1942 | D:3      | Found a glowing silver altar of Zin.
  1947 | D:3      | Noticed a giant frog
  1954 | D:3      | Killed a giant frog
  1954 | D:3      | Reached skill level 5 in Evocations
  1954 | D:3      | Reached XP level 5. HP: 32/45 MP: 8/8
  1982 | D:3      | Found a glowing drain.
  2006 | D:3      | Reached skill level 1 in Long Blades
  2053 | Sewer    | Entered a sewer
  2505 | Sewer    | Reached XP level 6. HP: 34/52 MP: 9/9
  3591 | D:5      | Entered Level 5 of the Dungeon
  3662 | D:4      | Found a bloodstained altar of Trog.
  3766 | D:4      | Found a shimmering altar of Xom.
  4046 | D:5      | HP: 2/54 [centaur (5)]
  4048 | D:5      | Shot with an arrow by a centaur

Vault maps used:
D:1:      dpeg_arrival_ratfight, minmay_distorted
D:2:      dancing_weapons_uskayaw, overflow_temple_1_default, minmay_ruptured
D:3:      lemuel_crystal_altar, first_bread, portal_sewer_entry_a
D:4:      kennysheep_little_box, marbit_many_paths
Sewer:    sewer_fruit_machine

Skill      XL: |  1  2  3  4  5  6 |
---------------+-------------------+-----
Short Blades   | 1 |  1.6
Fighting       | 1 2 |  2.3
Armour         | 1 2 3 4 |  4.0
Stealth        | 2 3 |  3.2
Dodging        | 3 |  3.6
Evocations     | 5 |  5.7
Long Blades    | 1 |  1.9

Action                   |  1- 3 |  4- 6 || total
-------------------------+-------+-------++-------
Melee: Short sword       |    90 |     2 ||    92
       Falchion          |       |   688 ||   688
 Abil: Device Recharging |       |     2 ||     2
Evoke: Wand              |    12 |    42 ||    54
  Use: Potion            |     2 |     9 ||    11
       Scroll            |     2 |    10 ||    12
 Stab: Paralysed         |     4 |       ||     4
       Sleeping          |     1 |       ||     1
       Invisible         |       |     2 ||     2
  Eat: Chunk             |     1 |    11 ||    12
Armor: Leather armour    |    16 |       ||    16
       Scale mail        |     9 |   331 ||   340
       Skin              |       |    10 ||    10
Dodge: Dodged            |    61 |   371 ||   432
